 Dungeon Sprint DCSS version 0.27.1 (webtiles) character file.

Game seed: 5121805887087538347

1834 styxcanada the Imperceptible (level 8, -10/44 HPs)
             Began as a Spriggan Brigand on Aug 29, 2021.
             Was an Initiate of Gozag.
             Killed from afar by a burning bush (18 damage)
             ... with a puff of flame
             ... in the Dungeon (Sprint IV: "Fedhas' Mad Dash").
             The game lasted 00:04:53 (421 turns).

styxcanada the Imperceptible (Spriggan Brigand)      Turns: 421, Time: 00:04:54

Health: -10/44     AC: -1    Str:  7    XL:     8   Next: 87%
Magic:  9/9        EV: 23    Int: 12    God:    Gozag
Gold:   456        SH:  0    Dex: 19    Spells: 7/7 levels left

rFire    . . .     SeeInvis +   a - +2 dagger
rCold    . . .     Faith    .   (shield restricted)
rNeg     . . .     Spirit   .   b - +0 robe
rPois    .         Reflect  .   o - +0 mask of the Dragon {Will+ Slay+3 SInv}
rElec    .         Harm     .   c - +0 cloak
rCorr    .         Rampage  .   (gloves unavailable)
Will     ++...     NoTele   +   (boots unavailable)
Stlth    ++++++++..             m - amulet of invisibility {+Inv}
HPRegen  0.14/turn              (no ring)
MPRegen  0.11/turn              (no ring)

@: corroded, very slightly contaminated, invisible, very quick
A: very small, no large weapons, unfitting armour, see invisible, speed 3
a: Renounce Religion, Evoke Invisibility, Potion Petition, Call Merchant, Bribe
Branch


You were in the Dungeon.
You worshipped Gozag.
Gozag was aware of your devotion.
You visited 1 branch You collected 1124 gold pieces.
You spent 668 gold pieces at shops.

Inventory:

Hand Weapons
 a - a +2 dagger (weapon)
 l - a +0 hunting sling
Missiles
 d - 28 poisoned darts
 e - 2 curare-tipped darts (quivered)
 n - 45 stones
Armour
 b - a +0 robe (worn)
 c - a +0 cloak (worn)
 o - the +0 mask of the Dragon (worn) {Will+ Slay+3 SInv}
   (You bought it in a shop in the Dungeon)

   Slay:      It affects your accuracy & damage with ranged weapons and melee
   (+3).
   SInv:      It lets you see invisible.
   Will:      It increases your willpower.
Jewellery
 m - the amulet of invisibility (around neck) {+Inv}
   (You found it in the Dungeon)

   [amulet of nothing]

   +Inv:      It lets you turn invisible.
Scrolls
 k - a scroll of blinking
 p - a scroll of fear {unknown}
Potions
 f - a potion of curing
 g - a potion of heal wounds
 h - a potion of haste
 i - 2 potions of magic
 j - a potion of berserk rage


   Skills:
 * Level 5.7 Fighting
 + Level 4.0 Short Blades
 + Level 5.2 Throwing
 * Level 8.9 Dodging
 * Level 21.7 Stealth
 * Level 7.9 Evocations


You had 7 spell levels left.
You didn't know any spells.
Your spell library was empty.

Dungeon Overview and Level Annotations

Branches:
Dungeon (1/1)

Altars:
Cheibriados
Dithmenos
Elyvilon
Gozag
Hepliaklqana
Kikubaaqudgha
Makhleb
Nemelex Xobeh
Okawaru
Qazlal
Ru
Sif Muna
Trog
Uskayaw
Vehumet
Wu Jian
Xom
Yredelemnul
Zin
The Shining One
Beogh
Jiyva
Lugonu

Shops:
D ([((


Innate Abilities, Weirdness & Mutations

You are very small and have problems with some larger weapons.
You are too small for most types of armour.
You have supernaturally acute eyesight. (SInv)
You cover ground extremely quickly. (Speed+++)


Message History

You see here a scroll labelled UMOB XUTUACAUZ.
You hit the oklob plant but do no damage.
You catch the helpless oklob plant completely off-guard!
You perforate the oklob plant like a sieve!!!
The oklob plant is severely damaged.
The oklob plant spits acid at you. The splash of acid hits you!
The acid corrodes you!
You are splashed with acid!
You hit the oklob plant but do no damage.
The oklob plant is severely damaged.
You catch the helpless oklob plant completely off-guard!
You spit the oklob plant like a pig!!!
You destroy the oklob plant!
Your Short Blades skill increases to level 4!
Your Stealth skill increases to level 21!
You now have 456 gold pieces (gained 54).
p - a scroll labelled UMOB XUTUACAUZ
There is an open door here.
As you open the door, it creaks loudly!
Found 28 gold pieces and a book of Ice.
A burning bush comes into view.
Found 26 gold pieces.
The burning bush is distracted by your dazzling golden aura.
There is an open door here.
You see here 11 gold pieces.
You see here a book of Ice.
You strike the helpless burning bush from behind!
You perforate the burning bush like a sieve!!!
The burning bush is no longer distracted by gold.
The burning bush is almost destroyed.
You hit the burning bush but do no damage.
The burning bush is almost destroyed.
The burning bush throws fire at you. The puff of flame hits you!
* * * LOW HITPOINT WARNING * * *
You hit the burning bush but do no damage.
The burning bush is almost destroyed.
The burning bush throws fire at you. The puff of flame hits you!!
You die...
Your body crumbles into a pile of gold.

#PP..'.....'.#...'.._.
#PPPP#.....#.#...#..._
###############'##.._.
#...♣........'...#._._
#......♣.....#...#####
#.....♣..♣..######
##'####'#####
#..#$$$$+ #.(#P@###
#######


You could see a burning bush.

Vanquished Creatures
  An oklob plant (D)
  A burning bush (D)
  A queen bee (D)
  2 wandering mushrooms (D)
  3 scorpions (D)
  4 killer bees (D)
  4 oklob saplings (D)
  2 spriggans (D)
  A river rat (D)
  A rat (D)
20 creatures vanquished.

Vanquished Creatures (others)
  A fungus (D)
1 creature vanquished.

Grand Total: 21 creatures vanquished

Notes
Turn   | Place    | Note
-------+----------+-------------------------------------------
     0 | D        | styxcanada the Spriggan Brigand began the quest for the
                  | Orb.
     0 | D        | Reached XP level 1. HP: 10/10 MP: 2/2
    20 | D        | Reached skill level 7 in Stealth
    20 | D        | Reached XP level 2. HP: 15/15 MP: 3/3
    36 | D        | Reached skill level 8 in Stealth
    53 | D        | Noticed an oklob sapling
    55 | D        | Killed an oklob sapling
    56 | D        | Reached skill level 9 in Stealth
    56 | D        | Reached XP level 3. HP: 18/18 MP: 4/4
    57 | D        | Noticed a scorpion
    57 | D        | Found the amulet of invisibility {+Inv}
    59 | D        | Killed a scorpion
    60 | D        | Reached skill level 12 in Stealth
    60 | D        | Reached XP level 4. HP: 23/23 MP: 5/5
    89 | D        | Found an opulent altar of Gozag.
    89 | D        | Found a hazy altar of Hepliaklqana.
    89 | D        | Found a burning altar of Makhleb.
    89 | D        | Found a sparkling altar of Nemelex Xobeh.
    89 | D        | Found a snail-covered altar of Cheibriados.
    89 | D        | Found a sacrificial altar of Ru.
    89 | D        | Found a shimmering blue altar of Sif Muna.
    89 | D        | Found a shimmering altar of Xom.
    89 | D        | Found a basalt altar of Yredelemnul.
    90 | D        | Found a viscous altar of Jiyva.
    90 | D        | Found a bloodstained altar of Trog.
    90 | D        | Found an ornate altar of the Wu Jian Council.
    91 | D        | Found an iron altar of Okawaru.
    91 | D        | Found a shadowy altar of Dithmenos.
    91 | D        | Found a glowing silver altar of Zin.
    92 | D        | Found an ancient bone altar of Kikubaaqudgha.
    92 | D        | Found a hide-covered altar of Uskayaw.
    93 | D        | Found a stormy altar of Qazlal.
    93 | D        | Found a white marble altar of Elyvilon.
    93 | D        | Found a glowing golden altar of the Shining One.
    94 | D        | Became a worshipper of Gozag Ym Sagoz the Greedy
    95 | D        | Found a corrupted altar of Lugonu.
    95 | D        | Found a radiant altar of Vehumet.
    99 | D        | Reached skill level 13 in Stealth
    99 | D        | Reached skill level 1 in Evocations
    99 | D        | Reached XP level 5. HP: 28/28 MP: 3/6
   111 | D        | Reached skill level 5 in Dodging
   111 | D        | Reached skill level 14 in Stealth
   148 | D        | Reached skill level 15 in Stealth
   159 | D        | Reached XP level 6. HP: 33/33 MP: 5/7
   219 | D        | Found Uzxos's Antique Armour Shop.
   219 | D        | Found Qogopear's Antique Weapon Emporium.
   228 | D        | Noticed a burning bush
   228 | D        | Noticed a wandering mushroom
   229 | D        | Noticed a wandering mushroom
   232 | D        | Killed a burning bush
   233 | D        | Reached skill level 17 in Stealth
   233 | D        | Killed a wandering mushroom
   234 | D        | Reached skill level 18 in Stealth
   234 | D        | Reached skill level 5 in Evocations
   234 | D        | Reached XP level 7. HP: 38/38 MP: 5/8
   235 | D        | Reached skill level 19 in Stealth
   236 | D        | Killed a wandering mushroom
   237 | D        | Reached skill level 5 in Fighting
   237 | D        | Reached XP level 8. HP: 43/43 MP: 5/9
   251 | D        | Found Cyliqiun's Weapon Emporium.
   251 | D        | Found Kofix's Antique Weapon Shoppe.
   267 | D        | Bought the +0 mask of the Dragon {Will+ Slay+3 SInv} for
                  | 668 gold pieces
   267 | D        | Found the +0 mask of the Dragon {Will+ Slay+3 SInv}
   324 | D        | Noticed a queen bee
   331 | D        | Killed a queen bee
   332 | D        | Reached skill level 5 in Throwing
   332 | D        | Reached skill level 20 in Stealth
   398 | D        | Noticed an oklob plant
   404 | D        | Killed an oklob plant
   405 | D        | Reached skill level 21 in Stealth
   416 | D        | Noticed a burning bush
   421 | D        | Killed from afar by a burning bush

Illustrated notes

Levels and vault maps discovered:
D:        dungeon_sprint_fedhas [sprint_temple]

Skill      XL: |  1  2  3  4  5  6  7  8 |
---------------+-------------------------+-----
Dodging        | 2 3 4 5 7 8 |  8.9
Stealth        | 7 9 12 13 15 18 19 21 | 21.7
Fighting       | 2 3 4 5 |  5.7
Throwing       | 3 4 5 |  5.2
Evocations     | 1 3 5 6 7 |  7.9
Short Blades   | 3 4 |  4.0

Action                   |  1- 3 |  4- 6 |  7- 9 || total
-------------------------+-------+-------+-------++-------
Melee: Dagger            |     7 |     8 |    15 ||    30
Throw: Dart              |     9 |     1 |       ||    10
 Abil: Evoke Invisibilit |       |     3 |     2 ||     5
 Stab: Sleeping          |     3 |     6 |     8 ||    17
       Invisible         |       |       |     2 ||     2
       Distracted        |       |       |     1 ||     1
Armor: Robe              |     3 |       |       ||     3
Dodge: Dodged            |     1 |     3 |       ||     4
